 Dungeon Crawl Stone Soup version 0.24.0-29-g8ce449bc06 (webtiles) character file.

Game seed: 15636208523487455148, levelgen mode: deterministic

303 Flugslaktarn the Chopper (level 6, -9/55 HPs)
             Began as a Minotaur Fighter on Nov 13, 2019.
             Mangled by an ogre
             ... wielding a +0 giant club
              (24 damage)
             ... on level 5 of the Dungeon.
             The game lasted 00:01:14 (1919 turns).

Flugslaktarn the Chopper (Minotaur Fighter)         Turns: 1919, Time: 00:01:15

Health: -9/55      AC:  8    Str: 22    XL:     6   Next: 15%
Magic:  5/5        EV:  7    Int:  5    God:
Gold:   176        SH: 13    Dex: 10    Spells: 5/5 levels left

rFire    . . .     SeeInvis .   s - +0 hand axe (freeze)
rCold    . . .     Gourm    .   c - +0 shield
rNeg     + . .     Faith    .   b - +0 scale mail
rPois    .         Spirit   .   (helmet restricted)
rElec    .         Reflect  +   (no cloak)
rCorr    .         Harm     .   h - +0 pair of gloves
MR       .....                  (no boots)
Stlth    ..........             q - +3 amulet of reflection
HPRegen  0.18/turn              n - ring of positive energy
MPRegen  0.09/turn              (no ring)

@: no status effects
A: retaliatory headbutt, horns 2
a: no special abilities


You were on level 5 of the Dungeon.
You were not hungry.

You visited 2 branches of the dungeon, and saw 6 of its levels.

You collected 176 gold pieces.

Inventory:

Hand Weapons
 a - a +0 war axe
 s - a +0 hand axe of freezing (weapon)
   (You found it on level 5 of the Dungeon)
Armour
 b - a +0 scale mail (worn)
 c - a +0 shield (worn)
 h - a +0 pair of gloves (worn)
   (You found it on level 4 of the Dungeon)
Jewellery
 n - a ring of positive energy (left hand)
   (You found it on level 4 of the Dungeon)
 q - a +3 amulet of reflection (around neck)
   (You found it on level 4 of the Dungeon)
Scrolls
 f - a scroll of amnesia {unknown}
 i - 3 scrolls of identify {unknown}
 j - a scroll of remove curse {unknown}
 m - a scroll of blinking {unknown}
 p - a scroll of random uselessness {unknown}
Potions
 d - a potion of might
 g - a potion of heal wounds {unknown}
 k - a potion of haste {unknown}
 l - a potion of resistance {unknown}
 o - a potion of brilliance {unknown}
 r - a potion of flight {unknown}
Comestibles
 e - 3 rations
 t - 2 chunks of flesh


   Skills:
 + Level 4.9 Fighting
 * Level 5.2 Axes
 + Level 4.9 Armour
 + Level 4.9 Shields


You had 5 spell levels left.
You didn't know any spells.
Your spell library was empty.

Dungeon Overview and Level Annotations

Branches:
Dungeon (5/15)             Temple (1/1) D:4

Altars:
Dithmenos
Elyvilon
Nemelex Xobeh
The Shining One
Jiyva

Shops:
D:4 %

Annotations:
D:5 3 runed translucent doors, Arum's ghost, amateur DsGl


Innate Abilities, Weirdness & Mutations

You reflexively headbutt those who attack you in melee.
You have a pair of horns on your head.


Message History

You block the hound's attack. The hound closely misses you.
You furiously retaliate!
You headbutt the hound. You hit the hound. You freeze the hound.
You kill the hound!
The ogre closely misses you. You furiously retaliate!
You headbutt the ogre!
Things that are here:
a +0 club; an orc skeleton
Things that are here:
a +0 dagger; a cursed +0 robe; an orc skeleton
There is an open door here.
You close the door.
An ogre opens the door.
The white imp shouts, "Escape, thou rank ruttish cow!"
Arum's ghost turns its malevolent gaze towards you.
Some of the chunks of flesh in your inventory have rotted away.
Things that are here:
a +0 club; a +0 scale mail You hit the ogre but do no damage.
Your headbutt misses the ogre.
The ogre is severely wounded.
The ogre hits you with a +0 giant club!!
You die...

##.##..#.#.##
..##..#....#
#.....#....#
#....>+....# ##
#....##....# #.
#....##....########.
#....##.............
##..<.##.............
#...@.#.....####..###
#...O.#...###..####.Z
#.....#..## ....Z....
#.....#..# .....Z.###
#.....#..##Z.#...Z.
#....##...#Z.#...=..
#....)....#W.##.....
##.........#.5.###[$##
#..........##....####.


You could see an ogre.

Vanquished Creatures
  A hound (D:5)
  2 orc wizards (D:5)
  5 worker ants
  A killer bee zombie (D:4)
  3 adders
  A shadow imp (D:5)
  An adder zombie (D:5)
  3 worms
  A dart slug (D:4)
  7 orcs
  5 giant cockroaches
  3 goblins
  A hobgoblin (D:1)
  2 quokkas
  A frilled lizard (D:1)
  A kobold (D:2)
  2 rats (D:3)
40 creatures vanquished.

Notes
Turn   | Place    | Note
-------+----------+-------------------------------------------
     0 | D:1      | Flugslaktarn the Minotaur Fighter began the quest for the
                  | Orb.
     0 | D:1      | Reached XP level 1. HP: 19/19 MP: 0/0
   207 | D:3      | Reached skill level 3 in Axes
   207 | D:3      | Reached XP level 2. HP: 27/27 MP: 1/1
   263 | D:3      | Reached XP level 3. HP: 16/33 MP: 2/2
   547 | D:4      | Reached XP level 4. HP: 40/40 MP: 3/3
   575 | D:4      | Found a staircase to the Ecumenical Temple.
   583 | D:4      | Reached skill level 4 in Axes
   593 | Temple   | Entered the Ecumenical Temple
   884 | D:4      | Reached XP level 5. HP: 47/47 MP: 4/4
  1015 | D:4      | Found Uxkozas's Food Boutique.
  1529 | D:5      | Entered Level 5 of the Dungeon
  1562 | D:5      | Noticed Arum's ghost (amateur DsGl)
  1579 | D:5      | Found a runed translucent gate.
  1579 | D:5      | Found a runed translucent gate.
  1579 | D:5      | Found a runed translucent gate.
  1701 | D:5      | Reached skill level 5 in Axes
  1845 | D:5      | Noticed an ogre
  1848 | D:5      | Reached XP level 6. HP: 52/55 MP: 5/5
  1919 | D:5      | Mangled by an ogre

Levels and vault maps discovered:
D:1:      minmay_arrival_four_houses, layout_loops_ring, roderic_serpentine_path
D:2:      layout_loops_ring, eat_drink_and_be_merry_uskayaw, uniq_jessica
D:3:      layout_basic, nicolae_overflow_hidden_temple, first_ration,
          minmay_quadrilaterals
D:4:      layout_cave_pools, minmay_temple_entry_large_hall, serial_shops,
          nicolae_shop_crystal
D:5:      layout_basic, led_sif_book, gammafunk_ghost_icy,
          fedhas_bush_and_centaur_altar
Temple:   pf_slime_end_temple

Skill      XL: |  1  2  3  4  5 |
---------------+----------------+-----
Axes           | 3 4 5 |  5.2
Shields        | 4 |  4.9
Fighting       | 4 |  4.9
Armour         | 4 |  4.9

Action                   |  1- 3 |  4- 6 || total
-------------------------+-------+-------++-------
Melee: War axe           |    50 |    60 ||   110
       Headbutt          |     7 |    16 ||    23
       Hand axe          |       |    12 ||    12
  Eat: Chunk             |       |     3 ||     3
Armor: Scale mail        |    22 |    28 ||    50
Dodge: Dodged            |    17 |    22 ||    39
Block: Shield            |    25 |    37 ||    62
